 Dungeon Crawl Stone Soup version 0.30-a0-618-gd6c86c23d0 (webtiles) character file.

Game seed: 2193899410314631899

42 wormed the Insei (level 3, -1/23 HPs)
             Began as an Octopode Transmuter on Jan 10, 2023.
             Killed from afar by a kobold (10 damage)
             ... with a puff of flame
             ... on level 2 of the Dungeon.
             The game lasted 00:02:12 (1108 turns).

wormed the Insei (Octopode Transmuter)              Turns: 1108, Time: 00:02:12

Health: -1/23      AC:  1    Str:  9    XL:     3   Next: 54%
Magic:  5/6        EV: 13    Int: 17    God:
Gold:   38         SH:  0    Dex: 18    Spells: 3/6 levels left

rFire   . . .      SeeInvis .      - Unarmed
rCold   . . .      Faith    .    (no shield)
rNeg    . . .      Spirit   .    (helmet currently unavailable)
rPois   .          Reflect  .    (no amulet)
rElec   .          Harm     .    d - +6 ring of dexterity
rCorr   .          Rampage  .    (no ring)
Will    .....                    (no ring)
Stlth   +++                      (no ring)
HPRegen 0.23/turn                (no ring)
MPRegen 0.10/turn                (no ring)
                                 (no ring)
                                 (no ring)

@: appendages (expiring)
A: tentacle spike 3, almost no armour, amphibious, 8 rings, camouflage 1,
gelatinous body 1, (nimble swimmer 1), tentacles
a: End Transformation


You were on level 2 of the Dungeon.
One of your tentacles had grown a beastly spike.
You visited 1 branch of the dungeon, and saw 2 of its levels.

You collected 38 gold pieces.

Inventory:

Jewellery
 d - a +6 ring of dexterity (left tentacle)
Scrolls
 c - 2 scrolls of amnesia
Potions
 a - a potion of resistance
 b - a potion of flight {unknown}
 e - a potion of berserk rage
 f - a potion of curing {unknown}
 g - a potion of cancellation {unknown}
 h - a potion of heal wounds {unknown}


   Skills:
 - Level 1.0 Fighting
 - Level 2.0 Dodging
 - Level 3.0 Unarmed Combat
 + Level 2.4 Spellcasting
 * Level 3.0 Transmutations
 + Level 1.2 Ice Magic


You had 3 spell levels left.
You knew the following spells:

 Your Spells              Type           Power      Damage    Failure   Level
a - Beastly Appendage     Tmut           24%        N/A       5%          1
b - Wereblood             Tmut           12%        N/A       8%          2

Your spell library contained the following spells:

 Spells                   Type           Power      Damage    Failure   Level
 Passwall                 Tmut/Erth      5%         N/A       16%         2
 Sandblast                Erth           4%         2d4       19%         1
 Spider Form              Tmut/Pois      7%         N/A       30%         3
 Stone Arrow              Conj/Erth      4%         3d7       50%         3
 Ice Form                 Ice/Tmut       9%         N/A       58%         4


Dungeon Overview and Level Annotations

Branches:
Dungeon (2/15)

Altars:


Innate Abilities, Weirdness & Mutations

One of your tentacles has grown a beastly spike.
You cannot wear most types of armour.
You are amphibious.
You can wear up to eight rings at the same time.
Your skin changes colour to match your surroundings (Stealth+).
Your rubbery body absorbs attacks. (AC +1, EV +1)
((You are camouflaged when in or above water. (Stealth+)))
You have tentacles for arms and can constrict up to eight enemies at once.


Message History

You barely miss the goblin. Your grab misses the goblin.
The goblin hits you with a +0 club.
You tentacle-slap the goblin. You grab the goblin.
The goblin is heavily wounded.
You constrict the goblin. You barely miss the goblin. You squeeze the goblin.
You kill the goblin!
No target in view!
b - a fizzy brown potion You see here a +0 club.
Your transformation is almost over.
You now have 38 gold pieces (gained 10).
Your tentacle spike disappears.
A hobgoblin comes into view.
A hobgoblin is nearby!
A hobgoblin is nearby!
A hobgoblin is nearby!
Casting: Beastly Appendage (safe; 5% risk of failure)
Confirm with . or Enter, or press ? or * to list all spells.
One of your tentacles grows a vicious spike.
A kobold comes into view.
It is wielding a +0 whip and carrying a wand of flame (9).
The hobgoblin shouts!
An endoplasm comes into view.
Your transformation is almost over.
The kobold shouts!
You tentacle-slap the hobgoblin. You grab the hobgoblin.
The hobgoblin is heavily wounded.
You constrict the hobgoblin. The hobgoblin hits you.
You tentacle-slap the hobgoblin.
You pierce the hobgoblin.
You kill the hobgoblin!
The kobold zaps a wand.
The puff of flame hits you!
You are too injured to fight recklessly!
You are too injured to fight recklessly!
You are too injured to fight recklessly!
You are too injured to fight recklessly!
You closely miss the kobold. Your grab misses the kobold.
You squeeze the kobold.
The kobold is moderately wounded.
The kobold zaps a wand.
The puff of flame hits you!
You die...

. .. .... #.#..
... ..... #.#
#.....#.####
......#....###
#......J.#...#
#.... #......#
......#.##.###
#.....@.#.###
#..###K.#...# #
#..#.#.##
#..#.#..###
#..#.##...########
...#.#............
...#.##......#####
############..##
#####......###


You could see an endoplasm and a kobold.

Vanquished Creatures
  An adder (D:2)
  A dart slug (D:1)
  4 ball pythons
  2 endoplasms
  2 giant cockroaches
  6 goblins
  3 hobgoblins
  2 bats
  A frilled lizard (D:1)
  2 kobolds
  4 rats
28 creatures vanquished.

Notes
Turn   | Place    | Note
-------+----------+-------------------------------------------
     0 | D:1      | wormed the Octopode Transmuter began the quest for the Orb.
     0 | D:1      | Reached XP level 1. HP: 13/13 MP: 3/3
   310 | D:1      | Reached XP level 2. HP: 18/18 MP: 3/5
   375 | D:1      | Found a faded altar of an unknown god.
   837 | D:1      | Learned a level 2 spell: Wereblood
   856 | D:2      | Reached skill level 1 in Ice Magic
   860 | D:2      | Reached XP level 3. HP: 23/23 MP: 2/6
  1108 | D:2      | Killed from afar by a kobold

Illustrated notes

Levels and vault maps discovered:
D:1:      saegor_arrival_simple_b, layout_basic,
          shapermc_ecumenical_altar_petra, serial_glass, glass_columns_c,
          glass_columns_a
D:2:      layout_basic, serial_curves, eino_curves_02, eino_curves_03,
          eino_curves_04, eino_curves_02

Skill      XL: |  1  2  3 |
---------------+----------+-----
Ice Magic      | 1 |  1.2
Transmutations | 3 |  3.0
Fighting       | |  1.0
Dodging        | |  2.0
Unarmed Combat | |  3.0
Spellcasting   | |  2.4

Action                   || total
-------------------------++-------
Melee: Unarmed           ||    54
       Constrict         ||    14
       Kick              ||    11
       Tentacles         ||    10
       Punch             ||     1
 Cast: Beastly Appendage ||    19
       Wereblood         ||     2
  Use: Potion            ||     1
       Scroll            ||     3
 Stab: Sleeping          ||     1
Armor: Skin              ||     3
Dodge: Dodged            ||    27

Table legend: (Time is in decaauts)
 A = Elapsed time spent in this place.
 B = Non-inter-level travel time spent in this place.
 C = Inter-level travel time spent in this place.
 D = Time resting spent in this place.
 E = Time spent auto-exploring this place.
 F = Levels seen in this place.
 G = Mean time per level.
                   A        B        C        D        E       F      G
               +--------+--------+--------+--------+--------+-----+--------+
         Total |   1103 |   1094 |      9 |      0 |    910 |   2 |  551.5 |
       Dungeon |   1103 |   1094 |      9 |      0 |    910 |   2 |  551.5 |
               +--------+--------+--------+--------+--------+-----+--------+

Top non-repeatable levels by time:
     D:1: 844 daAuts
     D:2: 259 daAuts
